 Dungeon Crawl Stone Soup version 0.24-a0-67-ga78bd38 (webtiles) character file.

Game seed: 5686604018621856499

46 galech the Skirmisher (level 3, -1/43 HPs)
             Began as a Demonspawn Fighter on Feb 5, 2019.
             Succumbed to Robin's poison
             ... on level 2 of the Dungeon.
             The game lasted 00:01:11 (607 turns).

galech the Skirmisher (Demonspawn Fighter)           Turns: 607, Time: 00:01:11

Health: -1/43      AC: 21    Str: 16    XL:     3   Next: 46%
Magic:  3/3        EV:  2    Int: 14    God:
Gold:   119        SH:  9    Dex: 18    Spells: 2/2 levels left

rFire    . . .     SeeInvis .   a - +0 war axe
rCold    + . .     Gourm    .   c - +0 shield
rNeg     + + +     Faith    +   (armour currently unavailable)
rPois    +         Spirit   .   (helmet currently unavailable)
rElec    .         Reflect  .   (cloak currently unavailable)
rCorr    .         Harm     .   (gloves currently unavailable)
MR       .....     NoTele   +   (boots currently unavailable)
Stlth    +++.......             i - amulet of faith
HPRegen  0.14/turn              g - ring of protection from cold
MPRegen  0.08/turn              (no ring)

@: brilliant, agile, lethally poisoned (-1 -> -34), tree-form (expiring)
A: powered by pain 1
a: no special abilities


You were on level 2 of the Dungeon.
You were not hungry.
You were a tree.
You visited 1 branch of the dungeon, and saw 2 of its levels.

You collected 119 gold pieces.

Inventory:

Hand Weapons
 a - a +0 war axe (weapon)
Armour
 b - a +0 scale mail (melded)
 c - a +0 shield (worn)
 k - a +0 pair of boots (melded)
Jewellery
 g - a ring of protection from cold (left branch)
 i - an amulet of faith (around neck)
Scrolls
 e - a scroll of identify {unknown}
 p - a scroll of remove curse {unknown}
Potions
 d - a potion of might
 m - a potion of agility
Comestibles
 f - a ration
 h - 5 chunks of flesh


   Skills:
 + Level 3.4 Fighting
 + Level 2.3 Axes
 + Level 3.0 Armour
 + Level 0.2 Dodging
 + Level 3.1 Shields


You had 2 spell levels left.
You didn't know any spells.
Your spell library was empty.

Dungeon Overview and Level Annotations

Branches:
Dungeon (2/15)

Altars:

Annotations:
D:2 Robin


Innate Abilities, Weirdness & Mutations

((You are partially covered in icy blue scales. (AC +2)))
You sometimes gain a little power by taking damage.


Message History

You block Robin's attack.
You hit Robin but do no damage.
Robin is moderately wounded.
* * * LOW HITPOINT WARNING * * *
You feel very sick. Robin hits you but does no damage.
You hit Robin.
Robin is severely wounded.
* * * LOW HITPOINT WARNING * * *
You feel very sick. You block Robin's attack. x2
You closely miss Robin.
Robin is severely wounded.
* * * LOW HITPOINT WARNING * * *
You feel very sick. You block Robin's attack.
You hit Robin.
Robin is almost dead.
Your transformation is almost over.
You die...

#.......####.#....#.
#.......# #.#......
#.......# #........
#......## #####.###
#(.###.# #.# #..#
#.# #.# #))###.#
##'## #..)...#
##...## ###♣####
##.....# #g#
##....... #.#
#........ ...
+.......) ...
#........ #..##
##....... #...
##.....# #.##
##<..## ##+##


You could see Robin.

Vanquished Creatures
  A dart slug (D:1)
  A leopard gecko (D:1)
  2 ball pythons
  A bat (D:1)
  3 giant cockroaches
  14 goblins
  6 hobgoblins
  A jackal (D:1)
  3 kobolds
  A frilled lizard (D:1)
  3 rats (D:1)
36 creatures vanquished.

Notes
Turn   | Place    | Note
-------+----------+-------------------------------------------
     0 | D:1      | galech the Demonspawn Fighter began the quest for the Orb.
     0 | D:1      | Reached XP level 1. HP: 18/18 MP: 1/1
   121 | D:1      | Gained mutation: You sometimes gain a little power by
                  | taking damage. [demonic ancestry]
   121 | D:1      | Reached XP level 2. HP: 21/24 MP: 2/2
   489 | D:2      | Gained mutation: You are partially covered in icy blue
                  | scales. (AC +2) [demonic ancestry]
   489 | D:2      | Reached XP level 3. HP: 27/29 MP: 3/3
   579 | D:2      | Noticed Robin
   607 | D:2      | Succumbed to Robin's poison

Vault maps used:
D:1:      eino_arrival_water_star, minmay_cupped
D:2:      st_stairs_6, serial_bayou_pond_b, dk_yredelemnul_ordeal, uniq_jessica,
          uniq_robin

Skill      XL: |  1  2  3 |
---------------+----------+-----
Shields        | 3 |  3.1
Axes           | 2 |  2.3
Armour         | 3 |  3.0
Fighting       | |  3.4
Dodging        | |  0.2

Action                   || total
-------------------------++-------
Melee: War axe           ||    97
  Use: Potion            ||     5
Armor: Scale mail        ||    55
       Skin              ||     4
Dodge: Dodged            ||    36
Block: Shield            ||    51

Table legend:
 A = Non-vault XP
 B = Vault XP
 C = Vault XP percentage of total XP
 D = Non-vault monster count
 E = Vault monster count
 F = Vault count percentage of total count
                 A         B        C        D         E       F
            +---------+---------+-------+---------+---------+-------
      Total |      41 |      26 |  38.8 |      22 |      14 |  38.9
            +---------+---------+-------+---------+---------+-------
        D:1 |      30 |       6 |  16.7 |      16 |       3 |  15.8
        D:2 |      11 |      20 |  64.5 |       6 |      11 |  64.7
            +---------+---------+-------+---------+---------+-------
